 Dungeon Crawl Stone Soup version 0.21-a0-258-g4c0eb85 (webtiles) character file.

3356 Starchild the Blocker (level 10, -6/76 HPs)
             Began as a Gnoll Wanderer on Sept 6, 2017.
             Was an Initiate of Ashenzari.
             Mangled by a two-headed ogre
             ... wielding a +0 giant club
              (25 damage)
             ... on level 8 of the Dungeon.
             The game lasted 00:32:42 (9235 turns).

Starchild the Blocker (Gnoll Wanderer)              Turns: 9235, Time: 00:32:43

Health: -6/76      AC: 12    Str:  7    XL:     10   Next: 3%
Magic:  12/12      EV: 11    Int:  7    God:    Ashenzari [......]
Gold:   332        SH: 10    Dex:  7    Spells: 7/12 levels left

rFire    + . .     SeeInvis .   E - +5 whip of Salt {flame, Str+2}
rCold    . . .     Gourm    .   B - +0 shield
rNeg     . . .     Faith    .   Q - +2 ring mail {rF+}
rPois    +         Spirit   .   (no helmet)
rElec    .         Reflect  .   C - +0 cloak
rCorr    .         Harm     .   (no gloves)
MR       .....                  G - +1 pair of boots
Stlth    ..........             (no amulet)
HPRegen  0.22/turn              (no ring)
MPRegen  0.13/turn              t - ring of poison resistance

@: no status effects
A: unchanging attributes, fangs 1, strong nose
a: Curse Item, Renounce Religion


You were on level 8 of the Dungeon.
You worshipped Ashenzari.
Ashenzari was noncommittal.
You were not hungry.

You visited 2 branches of the dungeon, and saw 9 of its levels.
You also visited: Sewer.

You collected 332 gold pieces.

Inventory:

Hand Weapons
 j - a +1 whip of electrocution
 k - a +3 dagger of venom
 o - a +0 dagger of electrocution
 u - a +3 war axe of freezing
 E - the +5 whip of Salt (weapon) {flame, Str+2}
   (You found it on level 5 of the Dungeon)

   It has been specially enchanted to burn those struck by it, causing extra
   injury to most foes and up to half again as much damage against particularly
   susceptible opponents.
   It affects your strength (+2).
 R - a +0 mace of crushing
Missiles
 l - 161 stones
 A - 168 arrows
 S - 9 tomahawks (quivered)
 V - 2 javelins
Armour
 y - a +0 plate armour
 B - a +0 shield (worn)
 C - a +0 cloak (worn)
 D - a +2 robe of cold resistance
 G - a +1 pair of boots (worn)
 Q - a +2 ring mail of fire resistance (worn)
Jewellery
 t - a ring of poison resistance (right hand)
 W - an uncursed amulet of faith
Wands
 h - a wand of polymorph (22/24)
 F - a wand of flame (29/48)
 N - a wand of confusion (19/48)
 T - a wand of paralysis (3/24)
Scrolls
 b - 2 scrolls of fog {unknown}
 e - 4 scrolls of remove curse
 m - 4 scrolls of recharging
 p - a scroll of magic mapping {unknown}
 q - 3 scrolls of identify
 s - 3 scrolls of teleportation {unknown}
 v - 3 scrolls of immolation
 H - 3 scrolls of fear
 P - a scroll of amnesia {unknown}
Potions
 d - a potion of agility
 i - 2 potions of degeneration
 n - 6 potions of curing
 w - a potion of heal wounds
 x - 3 potions of haste {unknown}
 z - a potion of lignification {unknown}
 I - a potion of flight
 K - a potion of resistance {unknown}
 L - 3 potions of magic {unknown}
 M - a potion of might {unknown}
 O - a potion of mutation {unknown}
Books
 a - a book of Battle

   Spells                             Type                      Level
   a - Infusion                       Charms                       1
   b - Shroud of Golubria             Charms/Translocation         2
   c - Song of Slaying                Charms                       2
   d - Spectral Weapon                Hexes/Charms                 3
   e - Regeneration                   Charms/Necromancy            3
 c - Sif Muna's Volume of the Wasp

   Spells                             Type                      Level
   a - Ensorcelled Hibernation        Hexes/Ice                    2
   b - Slow                           Hexes                        2
 J - a book of Necromancy

   Spells                             Type                      Level
   a - Pain                           Necromancy                   1
   b - Animate Skeleton               Necromancy                   1
   c - Vampiric Draining              Necromancy                   3
   d - Regeneration                   Charms/Necromancy            3
   e - Animate Dead                   Necromancy                   4
   f - Control Undead                 Necromancy                   4
 U - a book of Geomancy

   Spells                             Type                      Level
   a - Sandblast                      Earth                        1
   b - Passwall                       Transmutation/Earth          2
   c - Stone Arrow                    Conjuration/Earth            3
   d - Petrify                        Transmutation/Earth          4
   e - Lee's Rapid Deconstruction     Earth                        5
Comestibles
 f - 9 bread rations
 g - 3 royal jellies
 r - 6 meat rations
 X - a chunk of flesh


   Skills:
 - Level 6.1 Fighting
 - Level 1.3 Axes
 - Level 7.8 Armour
 - Level 8.8 Dodging
 + Level 11.5 Shields
 - Level 1.5 Spellcasting
 - Level 6.2 Charms
 - Level 1.3 Evocations


You had 7 spell levels left.
You knew the following spells:

 Your Spells              Type           Power        Failure   Level  Hunger
a - Regeneration          Chrm/Necr      #.........   83%         3    ####...
b - Song of Slaying       Chrm           #.......     21%         2    ###....


Dungeon Overview and Level Annotations

Branches:
Dungeon (8/15)             Temple (1/1) D:7
   Lair: D:8-11

Altars:
Ashenzari
Cheibriados
Dithmenos
Elyvilon
Fedhas
Gozag
Hepliaklqana
Kikubaaqudgha
Makhleb
Nemelex Xobeh
Okawaru
Qazlal
Ru
Sif Muna
Trog
Uskayaw
Vehumet
Wu Jian
Xom
Yredelemnul
Zin
The Shining One


Innate Abilities, Weirdness & Mutations

Your physical attributes are unchanging.
You have very sharp teeth.
Your uncanny sense of smell can sniff out nearby items.


Message History

You barely miss the two-headed ogre.
The two-headed ogre is lightly wounded.
You hit the two-headed ogre. You burn the two-headed ogre.
The two-headed ogre is moderately wounded.
You block the two-headed ogre's attack.
The two-headed ogre hits you but does no damage.
You hit the two-headed ogre but do no damage.
The two-headed ogre is moderately wounded.
The two-headed ogre barely misses you.
The two-headed ogre hits you with a giant spiked club.
You hit the two-headed ogre. You burn the two-headed ogre.
The two-headed ogre is moderately wounded.
The two-headed ogre hits you with a giant club!!
* * * LOW HITPOINT WARNING * * *
The two-headed ogre misses you.
You hit the two-headed ogre but do no damage.
The two-headed ogre is moderately wounded.
The two-headed ogre barely misses you.
The two-headed ogre hits you with a giant spiked club!!
You die...

.......##..................#
.......##....##......##.####
.......# .:.. #......##.#
.......# ....##......##.#
.#.....# ..........####.#
##.....# #........####.#
##.....# #.............#
.......# #.............#
.......# #.....@.......#
.......# #.....O......<#
.......# #........######
.......# #........# .......#
#........# .......#
#........# .......#
########## .......# .......#


You could see a two-headed ogre.

Vanquished Creatures
  Pikel (D:4)
  Sigmund (D:2)
  A spriggan (D:7)
  Menkaure (D:7)
  Duvessa (D:5)
  An ice beast (D:8)
  2 phantoms
  A centaur (D:5)
  An ogre (D:5)
  2 big kobolds (Sewer)
  Blork the orc (D:5)
  3 bullfrogs
  A wyvern zombie (D:6)
  2 scorpions
  Dowan (D:5)
  3 crimson imps
  2 hounds (D:5)
  2 jellies
  5 orc priests
  Natasha (D:4)
  3 iguanas
  6 worker ants
  7 orc wizards
  A killer bee zombie (D:5)
  A hound zombie (D:5)
  A hound skeleton (D:8)
  13 gnolls
  10 adders
  5 river rats
  2 shadow imps
  3 oozes
  5 worms
  6 dart slugs
  6 leopard geckos
  19 orcs
  7 giant cockroaches
  11 goblins
  11 hobgoblins
  11 jackals
  12 kobolds
  2 quokkas (D:4)
  4 ball pythons
  12 bats
  4 frilled lizards
  A leopard gecko zombie (D:2)
  8 rats
204 creatures vanquished.

Vanquished Creatures (others)
  2 slaves (D:4)
  Natasha (twice) (D:4)
  An adder (D:4)
  A worm (D:4)
  A plant (D:5)
7 creatures vanquished.

Grand Total: 211 creatures vanquished

Notes
Turn   | Place    | Note
-------+----------+-------------------------------------------
     0 | D:1      | Starchild the Gnoll Wanderer began the quest for the Orb.
     0 | D:1      | Starchild set off with: a book of Battle, a +0 ring mail, Sif Muna's Volume of the Wasp, a +0 club, a bread ration
     0 | D:1      | Reached XP level 1. HP: 19/19 MP: 3/3
   112 | D:1      | Reached XP level 2. HP: 23/26 MP: 4/4
   483 | D:1      | Reached skill level 5 in Fighting
   691 | D:1      | Reached XP level 3. HP: 30/33 MP: 5/5
  1487 | D:3      | Reached XP level 4. HP: 40/40 MP: 6/6
  1677 | D:3      | Reached XP level 5. HP: 40/46 MP: 7/7
  1828 | D:3      | Reached skill level 5 in Armour
  2346 | D:2      | Noticed Sigmund
  2427 | D:2      | Killed Sigmund
  2427 | D:2      | Reached XP level 6. HP: 16/52 MP: 8/8
  3233 | D:4      | Reached skill level 1 in Dodging
  3371 | D:4      | Reached XP level 7. HP: 43/58 MP: 9/9
  3385 | D:4      | Noticed Pikel
  3415 | D:4      | Killed Pikel
  3415 | D:4      | Reached XP level 8. HP: 20/64 MP: 10/10
  3540 | D:4      | Killed Natasha
  4011 | D:4      | Noticed Natasha
  4019 | D:4      | Killed Natasha
  4411 | D:4      | Killed Natasha
  4627 | D:4      | Reached skill level 3 in Shields
  4873 | D:5      | Entered Level 5 of the Dungeon
  4885 | D:5      | Got an iridescent whip
  4888 | D:5      | Identified the +5 whip of Salt {flame, Str+2} (You found it on level 5 of the Dungeon)
  4921 | D:5      | Reached skill level 4 in Shields
  4928 | D:5      | Reached skill level 5 in Shields
  5193 | D:5      | Noticed Dowan
  5202 | D:5      | Killed Dowan
  5202 | D:5      | Reached skill level 6 in Shields
  5209 | D:5      | Noticed Duvessa
  5244 | D:5      | Killed Duvessa
  5244 | D:5      | Reached skill level 7 in Shields
  5587 | D:5      | Reached XP level 9. HP: 55/69 MP: 11/11
  5777 | D:5      | Noticed Blork the orc
  5797 | D:5      | Killed Blork the orc
  5797 | D:5      | Reached skill level 8 in Shields
  6328 | D:6      | Reached skill level 1 in Axes
  6427 | D:6      | Found a snail-covered altar of Cheibriados.
  6478 | D:6      | Found a shadowy altar of Dithmenos.
  6512 | D:6      | Identified Sif Muna's Volume of the Wasp
  6516 | D:6      | Learned a level 3 spell: Regeneration
  6605 | D:6      | Found a glowing drain.
  6642 | Sewer    | Entered a sewer
  7045 | D:6      | Reached skill level 5 in Charms
  7396 | D:6      | Learned a level 2 spell: Song of Slaying
  7457 | D:7      | Found a radiant altar of Vehumet.
  7459 | D:7      | Found a sacrificial altar of Ru.
  7460 | D:7      | Found a staircase to the Ecumenical Temple.
  7473 | Temple   | Entered the Ecumenical Temple
  7776 | Temple   | Became a worshipper of Ashenzari the Shackled
  7929 | D:7      | Reached skill level 9 in Shields
  8383 | D:7      | Noticed Menkaure
  8389 | D:7      | Killed Menkaure
  8389 | D:7      | Reached skill level 10 in Shields
  8514 | D:7      | Found a stormy altar of Qazlal.
  8936 | D:8      | Reached skill level 11 in Shields
  8947 | D:8      | Found an ancient bone altar of Kikubaaqudgha.
  9013 | D:8      | Found a stormy altar of Qazlal.
  9029 | D:8      | Reached XP level 10. HP: 68/76 MP: 12/12
  9224 | D:8      | Noticed a two-headed ogre
  9235 | D:8      | Mangled by a two-headed ogre

Vault maps used:
D:1:      minmay_arrival_five_plusses, minmay_tree_intersection
D:2:      uniq_sigmund
D:3:      first_bread
D:4:      uniq_pikel, uniq_natasha
D:5:      serial_bayou, serial_bayou_lagoon_a, serial_bayou_pond_c,
          serial_bayou_shore_b, serial_bayou_pond_b, uniq_blork_the_orc,
          uniq_duvessa
D:6:      nicolae_dithmenos_shadow_blocks, kennysheep_mini_moat,
          portal_sewer_entry_c
D:7:      chequers_temple_overflow_statue_of_worship, old_standard_altar,
          temple_statues, the_bakery, uniq_menkaure
D:8:      lemuel_crystal_altar, nicolae_qazlal_general_emergency
Temple:   minmay_temple_bridge_d
Sewer:    sewer_co_15_rooms

Skill      XL: |  1  2  3  4  5  6  7  8  9 |
---------------+----------------------------+-----
Fighting       | 5 6 |  6.1
Armour         | 3 4 7 |  7.8
Dodging        | 2 7 8 |  8.8
Shields        | 7 11 | 11.5
Axes           | 1 |  1.3
Charms         | 6 |  6.2
Spellcasting   | |  1.5
Evocations     | |  1.3

Action                   |  1- 3 |  4- 6 |  7- 9 | 10-12 || total
-------------------------+-------+-------+-------+-------++-------
Melee: Club              |    17 |       |       |       ||    17
       Dagger            |    65 |   206 |   103 |       ||   374
       Bite              |     2 |     7 |    32 |     3 ||    44
       Unarmed           |       |    14 |       |       ||    14
       Whip              |       |       |   566 |    26 ||   592
       War axe           |       |       |     3 |       ||     3
Throw: Stone             |       |     5 |       |       ||     5
       Tomahawk          |       |       |       |     2 ||     2
Evoke: Wand              |       |       |     4 |       ||     4
  Use: Potion            |       |     3 |     3 |       ||     6
       Scroll            |       |     1 |     5 |       ||     6
 Stab: Distracted        |     1 |       |       |       ||     1
  Eat: Chunk             |     1 |     7 |    13 |     1 ||    22
       Royal jelly       |       |       |     1 |       ||     1
       Fruit             |       |       |     5 |       ||     5
Armor: Ring mail         |     7 |       |    66 |     7 ||    80
       Leather armour    |    20 |    19 |       |       ||    39
       Plate armour      |       |   199 |     7 |       ||   206
       Robe              |       |       |    96 |       ||    96
Dodge: Dodged            |    63 |    34 |   270 |    19 ||   386
Block: Shield            |       |    36 |   236 |    19 ||   291

Table legend:
 A = Spawn XP
 B = Non-spawn XP
 C = Spawn XP percentage of total XP
 D = Spawn monster count
 E = Non-spawn monster count
 F = Spawn count percentage of total count
 G = Total turns spent on level
                    A         B        C        D         E        F      G
               +---------+---------+-------+---------+---------+-------+---------
         Total |       0 |    4795 |   0.0 |       0 |     204 |   0.0 |  9235
               +---------+---------+-------+---------+---------+-------+---------
           D:1 |       0 |      48 |   0.0 |       0 |      24 |   0.0 |  1059
           D:2 |       0 |     307 |   0.0 |       0 |      27 |   0.0 |  1066
           D:3 |       0 |     187 |   0.0 |       0 |      28 |   0.0 |  1091
           D:4 |       0 |    1172 |   0.0 |       0 |      32 |   0.0 |  1657
           D:5 |       0 |     875 |   0.0 |       0 |      18 |   0.0 |  1415
           D:6 |       0 |     605 |   0.0 |       0 |      23 |   0.0 |   805
           D:7 |       0 |     860 |   0.0 |       0 |      22 |   0.0 |  1054
           D:8 |       0 |     473 |   0.0 |       0 |      13 |   0.0 |   381
         Sewer |       0 |     268 |   0.0 |       0 |      17 |   0.0 |   330
               +---------+---------+-------+---------+---------+-------+---------
